 Dungeon Crawl Stone Soup version 0.31-a0-263-ge8cad7f256 (webtiles) character file.

Game seed: 4233882104322628483

3169 dolemite99 the Fighter (level 9, -8/101 HPs)
             Began as an Ogre Shapeshifter on July 14, 2023.
             Was a Priest of Uskayaw.
             Mangled by a wolf (10 damage)
             ... on level 8 of the Dungeon.
             The game lasted 00:07:38 (9965 turns).

dolemite99 the Fighter (Ogre Shapeshifter)          Turns: 9965, Time: 00:07:39

Health: -8/101     AC:  3    Str: 31    XL:     9   Next: 94%
Magic:  9/9        EV:  9    Int:  9    God:    Uskayaw [***...]
Gold:   276        SH:  0    Dex:  9    Spells: 8/8 levels left

rFire   . .          .
                       - Unarmed
rCold   . . .        (no shield)
rNeg    . . .        a - +0 animal skin
rPois   .            (helmet currently unavailable)
rElec   .            (cloak currently unavailable)
rCorr   +            (gloves unavailable)
SInv    .            (boots unavailable)
Will    .....        y - amulet of regeneration
Stlth   +            h - ring of resist corrosion
HPRegen 1.16/turn    i - +6 ring of strength
MPRegen 0.11/turn

%: no passive effects
@: lethally poisoned (-8 -> -9), beast-form, slowed, very slow
A: beast (slay +4), large, unfitting armour, tough skin 1
a: Begin Untransformation, Renounce Religion, Stomp, Line Pass


You were on level 8 of the Dungeon.
You worshipped Uskayaw.
Uskayaw was noncommittal.
You were a hulking beast.
You visited 1 branch of the dungeon, and saw 8 of its levels.

You collected 276 gold pieces.

Inventory:

Hand Weapons
 n - a +0 orcbow
Missiles
 p - 2 throwing nets
 x - 24 poisoned darts
Armour
 a - a +0 animal skin (worn)
 f - a +1 hat
 D - a +0 cloak
Magical Staves
 s - a staff of earth
Jewellery
 b - a ring of fire
 e - a ring of wizardry
 g - a ring of magical power
 h - a ring of resist corrosion (left hand)
 i - a +6 ring of strength (right hand)
 y - an amulet of regeneration (around neck)
Talismans
 c - a beast talisman
 C - a beast talisman
Wands
 H - a wand of flame (17)
Scrolls
 d - a scroll of noise {unknown}
 k - 3 scrolls of teleportation
 l - a scroll of summoning {unknown}
 m - 3 scrolls of immolation {unknown}
 q - 2 scrolls of fear {unknown}
 r - a scroll of blinking {unknown}
 t - a scroll of amnesia {unknown}
 u - a scroll of brand weapon {unknown}
 w - a scroll of fog {unknown}
 E - a scroll of vulnerability {unknown}
 F - a scroll of silence {unknown}
Potions
 j - 2 potions of brilliance
 o - 7 potions of curing
 v - 2 potions of heal wounds
 z - a potion of ambrosia
 A - a potion of berserk rage {unknown}
 B - 2 potions of degeneration {unknown}


   Skills:
 - Level 9.9 Fighting
 - Level 1.7 Dodging
 + Level 8.5 Unarmed Combat
 + Level 6.6 Shapeshifting


You had 8 spell levels left.
You didn't know any spells.
Your spell library contained the following spells:

 Spells                   Type           Power      Damage    Failure   Level
 Poisonous Vapours        Pois/Air       0%         N/A       52%         2
 Mephitic Cloud           Conj/Pois/Air  0%         N/A       77%         3
 Freezing Cloud           Conj/Ice/Air   0%         6-21      100%        5


Dungeon Overview and Level Annotations

Branches:
Dungeon (8/15)             Temple (0/1) D:5
   Lair: D:8-11

Altars:
Ashenzari
Gozag
Makhleb
Nemelex Xobeh
Uskayaw
Yredelemnul

Shops:
D:1 ?   D:5 [   D:7 [


Innate Abilities, Weirdness & Mutations

You are a hulking beast.
Your limbs bulge with bestial killing power. (Slay +4)
You are too large for most types of armour.
You have tough skin. (AC +1)


Message History

You hit the wolf.
The wolf is lightly wounded.
The wolf bites you.
A wolf comes into view.
You closely miss the wolf.
The wolf is lightly wounded.
The wolf bites you! Something hits you. The hound bites you.
The wolf bites you but does no damage.
The electric eel shoots out a bolt of lightning at you!
The bolt of electricity hits something!
Reactivating autopickup.
The bolt of electricity hits you! The wolf bites you but does no damage.
The hound completely misses you. The wolf misses you. The wolf bites you.
The orc hits you with a +0 mace.
You punch the orc!
You kill the orc!
The hornet stings you!
You are poisoned.
You feel yourself slow down. The wolf bites you but does no damage.
The hornet stings you!
* * * LOW HITPOINT WARNING * * *
You feel as though you will be slow longer.
You feel very sick. The orc closely misses you. The hound bites you.
* * * LOW HITPOINT WARNING * * *
The orc completely misses you.
Things that are here:
a +0 club; a +0 leather armour; an orc corpse You feel sick.
The hound bites you.
* * * LOW HITPOINT WARNING * * *
The hornet completely misses you.
The electric eel shoots out a bolt of lightning at you!
The bolt of electricity hits the hound!
The bolt of electricity hits you!
* * * LOW HITPOINT WARNING * * *
The bolt of electricity hits you!
* * * LOW HITPOINT WARNING * * *
The hound closely misses you.
You see here a +0 club.
You feel sick. The wolf bites you!
You die...

..~~≈≈≈~h≈h≈h~....
##...≈≈≈≈≈≈≈≈≈)...
.....~≈~~≈.~~~~~..
#....~.≈.S~.......
#...~.~.~.~.~.....
#.##...(...).~.......
#...<................
#######.....h#######.#
+.....yhh......#
#......##.######
#########.# #.# #.#
#.# #.# #.# ..#


You could see a hornet, a wolf and a hound.

Vanquished Creatures
  Sigmund (D:4)
  Menkaure (D:6)
  A water moccasin (D:6)
  An orc warrior (D:7)
  4 ice beasts
  A black bear (D:6)
  3 ogres
  A wolf (D:8)
  A centaur (D:7)
  A kobold brigand (D:7)
  4 necrophages (D:6)
  A wyvern zombie (D:6)
  7 scorpions
  3 wights (D:6)
  4 electric eels (D:7)
  A bullfrog zombie (D:6)
  2 centaur zombies (D:6)
  3 orc priests (D:7)
  A jelly (D:6)
  A human zombie (D:6)
  3 hounds
  2 sleepcaps
  3 iguanas
  3 orc wizards
  3 gnolls
  2 adders (D:6)
  A shadow imp (D:7)
  An ufetubus (D:6)
  4 worms
  5 dart slugs
  16 orcs
  8 ball pythons
  3 bats
  11 endoplasms
  5 giant cockroaches
  4 goblins
  8 hobgoblins
  13 kobolds
  7 quokkas
  A frilled lizard (D:1)
  6 rats
151 creatures vanquished.

Vanquished Creatures (others)
  An orc wizard (D:8)
1 creature vanquished.

Grand Total: 152 creatures vanquished

Notes
Turn   | Place    | Note
-------+----------+-------------------------------------------
     0 | D:1      | dolemite99 the Ogre Shapeshifter began the quest for the
                  | Orb.
     0 | D:1      | Reached XP level 1. HP: 22/22 MP: 1/1
   108 | D:1      | Reached XP level 2. HP: 24/29 MP: 2/2
   640 | D:1      | Reached XP level 3. HP: 23/36 MP: 3/3
   883 | D:1      | Found Kocoah's Magic Scroll Shop.
  1400 | D:2      | Reached XP level 4. HP: 36/44 MP: 4/4
  2955 | D:3      | Noticed a +0 dagger
  2956 | D:3      | Noticed a +0 dagger
  2958 | D:3      | Found a hide-covered altar of Uskayaw.
  2990 | D:3      | Became a worshipper of Uskayaw the Reveller
  3469 | D:4      | Found a broken altar of Ashenzari.
  3490 | D:4      | Reached * piety under Uskayaw
  3528 | D:4      | Reached ** piety under Uskayaw
  3530 | D:4      | Reached XP level 5. HP: 47/50 MP: 5/5
  3825 | D:4      | Reached XP level 6. HP: 50/59 MP: 6/6
  4087 | D:4      | Noticed Sigmund
  4097 | D:4      | Killed Sigmund
  4098 | D:4      | Reached skill level 5 in Unarmed Combat
  4425 | D:4      | Found a burning altar of Makhleb.
  4559 | D:4      | Reached XP level 7. HP: 51/66 MP: 7/7
  4820 | D:5      | Entered Level 5 of the Dungeon
  4851 | D:5      | Found a staircase to the Ecumenical Temple.
  4974 | D:5      | Found Luzoruro's Armour Boutique.
  5343 | D:5      | Reached skill level 5 in Shapeshifting
  5806 | D:5      | Reached XP level 8. HP: 25/74 MP: 8/8
  6596 | D:6      | Found a sparkling altar of Nemelex Xobeh.
  6743 | D:6      | Noticed Menkaure
  6755 | D:6      | Killed Menkaure
  6756 | D:6      | Reached skill level 4 in Fighting
  6756 | D:6      | Reached *** piety under Uskayaw
  6813 | D:6      | Reached skill level 5 in Fighting
  6865 | D:6      | Reached skill level 6 in Fighting
  7095 | D:6      | Reached skill level 7 in Fighting
  7468 | D:6      | Reached XP level 9. HP: 61/90 MP: 9/9
  7693 | D:6      | Found a basalt altar of Yredelemnul.
  7721 | D:6      | Reached skill level 8 in Fighting
  7757 | D:6      | Reached skill level 9 in Fighting
  8010 | D:7      | Found an opulent altar of Gozag.
  9762 | D:7      | Found Nociox's Antique Armour Boutique.
  9956 | D:8      | Noticed a hornet
  9964 | D:8      | HP: 1/101 [electric eel/bolt of electricity (8)]
  9965 | D:8      | Mangled by a wolf

Illustrated notes

Levels and vault maps discovered:
D:1:      dpeg_arrival_signposts, layout_loops_ring, serial_shops, shop
D:2:      layout_basic
D:3:      layout_basic, dancing_weapons_uskayaw
D:4:      layout_loops_corners, mainiacjoe_overflow_alcove_2,
          mainiacjoe_overflow_catwalk, uniq_sigmund
D:5:      layout_loops_ring, minmay_temple_entry_junction_2, serial_shops, shop
D:6:      layout_loops_ring, lemuel_mausoleum_altar_yredelemnul,
          nemelex_spade_bored_becter, serial_glass, glass_columns_a,
          glass_columns_a, uniq_menkaure
D:7:      wad_lake_hut, layout_rooms, grunt_gozag_breadcrumbs, serial_shops,
          nicolae_shop_real_fake_doors, kennysheep_windowed_goal
D:8:      layout_basic, erik_lair_island, serial_curves, eino_curves_01,
          eino_curves_02, minmay_bent

Skill      XL: |  1  2  3  4  5  6  7  8  9 |
---------------+----------------------------+-----
Unarmed Combat | 2 3 4 5 6 7 8 |  8.5
Shapeshifting  | 4 5 6 |  6.6
Fighting       | 7 9 |  9.9
Dodging        | |  1.7

Action                     |  1- 3 |  4- 6 |  7- 9 || total
---------------------------+-------+-------+-------++-------
  Melee: Unarmed           |   107 |   114 |   288 ||   509
         Punch             |     1 |     2 |    15 ||    18
  Throw: Dart              |       |       |     7 ||     7
         Javelin           |       |       |     4 ||     4
    Use: Potion            |       |     1 |     1 ||     2
         Scroll            |       |       |     6 ||     6
   Stab: Sleeping          |     1 |     1 |       ||     2
         Paralysed         |       |       |     7 ||     7
 Armour: Animal skin       |    28 |    27 |    49 ||   104
         Skin              |       |     2 |       ||     2
  Dodge: Dodged            |    43 |    49 |   104 ||   196

Table legend: (Time is in decaauts)
 A = Elapsed time spent in this place.
 B = Non-inter-level travel time spent in this place.
 C = Inter-level travel time spent in this place.
 D = Time resting spent in this place.
 E = Time spent auto-exploring this place.
 F = Levels seen in this place.
 G = Mean time per level.
                   A        B        C        D        E       F      G
               +--------+--------+--------+--------+--------+-----+--------+
         Total |   9898 |   9643 |    255 |   3315 |   4871 |   8 | 1237.2 |
       Dungeon |   9898 |   9643 |    255 |   3315 |   4871 |   8 | 1237.2 |
               +--------+--------+--------+--------+--------+-----+--------+

Top non-repeatable levels by time:
     D:6: 1798 daAuts
     D:5: 1727 daAuts
     D:7: 1529 daAuts
     D:1: 1365 daAuts
     D:4: 1350 daAuts
     D:2: 1230 daAuts
     D:3: 859 daAuts
     D:8: 37 daAuts
